 Dungeon Crawl Stone Soup version 0.20.0-15-g7f486f2 (webtiles) character file.

9555 theemperora the Cruncher (level 11, -9/62 HPs)
             Began as a Gargoyle Gladiator on June 9, 2017.
             Was a Believer of Uskayaw.
             Killed from afar by a bog body (20 damage)
             ... with a bolt of cold
             ... on level 1 of the Swamp.
             The game lasted 00:40:25 (11454 turns).

theemperora the Cruncher (Gargoyle Gladiator)      Turns: 11454, Time: 00:40:28

Health: -9/62      AC: 18    Str: 20    XL:     11   Next: 48%
Magic:  11/11      EV: 15    Int:  8    God:    Uskayaw [**....]
Gold:   625        SH:  3    Dex: 13    Spells: 10/10 levels left

rFire    + . .     SeeInvis .   a - +2 quarterstaff
rCold    . . .     Gourm    .   (shield currently unavailable)
rNeg     + . .     Faith    .   b - +1 leather armour
rPois    ∞         Spirit   .   c - +0 helmet
rElec    +         Reflect  +   (no cloak)
rCorr    .         Harm     .   k - +2 pair of gloves
MR       ++...                  H - +0 pair of boots (curse)
Stlth    ++........             m - +3 amulet of reflection
Regen    0.2/turn               x - ring of protection from fire
MPRegen  0.2/turn               (no ring)

@: no status effects
A: frail 1, magic resistance 2, negative energy resistance 1, shaggy fur 1,
electricity resistance, unbreathing, petrification resistance, rot immunity, AC
+7
a: Stomp, Line Pass, Renounce Religion


You were on level 1 of the Swamp.
You worshipped Uskayaw.
Uskayaw was noncommittal.
You were not hungry.

You visited 4 branches of the dungeon, and saw 14 of its levels.
You also visited: Sewer.

You collected 625 gold pieces.

Inventory:

Hand Weapons
 a - a +2 quarterstaff (weapon)
 g - a +1 short sword of venom
 t - a +0 falchion
 z - a +2 falchion of holy wrath
 C - a +2 whip of freezing
Missiles
 d - 3 throwing nets (quivered)
 p - 5 exploding tomahawks
Armour
 b - a +1 leather armour (worn)
 c - a +0 helmet (worn)
 k - a +2 pair of gloves (worn)
 s - a +0 pair of gloves
 H - a cursed +0 pair of boots (worn)
 M - a cursed +0 chain mail
Jewellery
 e - a cursed amulet of inaccuracy
 h - a cursed amulet of inaccuracy
 m - a +3 amulet of reflection (around neck)
 w - a cursed ring of loudness {unknown}
 x - a ring of protection from fire (left hand)
Wands
 v - a wand of confusion (30/48)
 y - a wand of confusion (13/48)
 G - a wand of iceblast (11/15)
 J - a wand of random effects (11/48)
Scrolls
 j - 2 scrolls of teleportation
 l - a scroll of amnesia
 o - 2 scrolls of noise
 r - 6 scrolls of identify
 u - 8 scrolls of fog
 K - a scroll of recharging
 N - a scroll of blinking
 O - a scroll of remove curse {unknown}
Potions
 i - 3 potions of curing
 q - a potion of heal wounds
 A - a potion of flight
 B - a potion of cancellation
 D - a potion of haste
 I - 2 potions of berserk rage {unknown}
Books
 E - a book of Necromancy

   Spells                             Type                      Level
   a - Pain                           Necromancy                   1
   b - Animate Skeleton               Necromancy                   1
   c - Vampiric Draining              Necromancy                   3
   d - Regeneration                   Charms/Necromancy            3
   e - Animate Dead                   Necromancy                   4
   f - Control Undead                 Necromancy                   4
Comestibles
 f - 2 bread rations
 n - 4 fruits
 F - a meat ration
 L - 2 royal jellies


   Skills:
 * Level 8.6 Fighting
 * Level 13.0 Staves
 + Level 1.8 Throwing
 + Level 4.0 Armour
 * Level 6.8 Dodging
 + Level 4.4 Stealth


You had 10 spell levels left.
You didn't know any spells.

Dungeon Overview and Level Annotations

Branches:
Dungeon (10/15)            Temple (1/1) D:6            Lair (2/6) D:10
  Swamp (1/4) Lair:2
  Snake: Lair:2-4    Spider: Lair:2-4       Orc: D:9-12

Altars:
Ashenzari
Cheibriados
Dithmenos
Elyvilon
Fedhas
Gozag
Hepliaklqana
Kikubaaqudgha
Makhleb
Nemelex Xobeh
Okawaru
Qazlal
Ru
Sif Muna
Trog
Uskayaw
Vehumet
Xom
Yredelemnul
Zin
The Shining One


Innate Abilities, Weirdness & Mutations

You are resistant to torment.
Your stone body is resilient. (AC +7)
You are immune to poison.
You resist negative energy. (rN+)
You are resistant to electric shocks. (rElec)
You can survive without breathing.
You are immune to petrification.
You are immune to rotting.
You are frail. (-10% HP)
You are highly resistant to hostile enchantments. (MR++)
You are covered in fur. (AC +1)


Message History

You can now pass through a line of other dancers.
Aiming: Line Pass
Press: ? - help, Dir - move target cursor, f - spiny frog
Aim: a spiny frog You can't stand on top of the monster!
Aiming: Line Pass
Press: ? - help, Dir - move target cursor, f - you, p - spiny frog
Okay, then.
The alligator bites you!!
The alligator tail-slaps you but does no damage.
The spiny frog stings you!
* * * LOW HITPOINT WARNING * * *
The alligator bites you but does no damage.
The alligator tail-slaps you but does no damage.
The alligator closely misses you.
The alligator tail-slaps you but does no damage.
The bog body points at you and mumbles some strange words.
The bolt of cold hits you!
You die...

.≈...♣♣♣≈.≈≈≈.<.....
♣≈........§≈≈.≈≈≈......♣
...≈....≈≈≈≈...≈≈....♣♣♣
..≈≈≈≈..≈≈≈≈...≈...≈..♣
♣.≈≈≈≈≈.≈≈....≈...≈≈..♣
.≈≈≈≈≈≈≈≈...≈≈≈..♣...♣♣
.>≈≈≈≈≈≈....≈≈≈.♣♣.>.♣
≈≈≈≈≈≈....>.≈≈≈≈..≈♣♣♣
≈≈..≈≈§@...(≈≈≈≈....
.≈≈≈≈ntF♣≈..≈≈≈....≈
♣♣♣§)≈.F♣♣♣♣.≈...≈≈≈.
♣.≈≈≈.♣ ♣≈....≈.≈.
♣.≈≈≈.♣ ♣.≈.... ♣.≈≈..≈
..♣♣♣♣ .......≈ ♣♣♣
......≈... ♣♣≈♣♣..♣≈♣


You could see an alligator, a bog body and 2 spiny frogs.

Vanquished Creatures
  A hydra (Lair:2)
  An alligator (Swamp:1)
  Pikel (D:7)
  The ghost of nrok the Sneak, a novice HaEn of Okawaru (D:5)
  2 spiny frogs
  A komodo dragon (Lair:1)
  2 hornets (D:9)
  Prince Ribbit (D:7)
  2 hippogriffs
  A bog body (Swamp:1)
  A basilisk (Lair:2)
  A wyvern (D:9)
  3 yaks (D:9)
  2 hungry ghosts (D:9)
  Menkaure (D:7)
  A water moccasin (Lair:1)
  A porcupine (Lair:2)
  Purgy (Sewer)
  An ice beast (D:6)
  A swamp drake (Swamp:1)
  A sky beast (D:7)
  An orc warrior (D:9)
  2 eyes of draining
  A black bear (D:8)
  6 ogres
  5 centaurs
  6 crocodiles
  9 bullfrogs
  A scorpion (D:7)
  4 wights (D:8)
  2 howler monkeys
  2 crimson imps
  A quasit (D:5)
  6 hounds
  3 jellies
  A bullfrog skeleton (D:9)
  3 orc priests
  4 orc wizards
  A centaur skeleton (D:4)
  2 iguanas
  8 worker ants
  2 killer bee zombies
  A hound skeleton (D:4)
  2 worker ant zombies
  A gnoll (D:1)
  11 adders
  A shadow imp (D:8)
  7 oozes
  2 adder skeletons
  3 worms
  3 dart slugs
  3 leopard geckos
  20 orcs
  3 ball pythons
  5 giant cockroaches
  12 goblins
  8 hobgoblins
  13 jackals
  3 quokkas
  9 bats
  10 frilled lizards
  19 kobolds
  A leopard gecko zombie (D:4)
  A quokka skeleton (D:4)
  8 rats
  2 butterflies (D:6)
  10 fungi (D:4)
  A plant (Lair:2)
256 creatures vanquished.

Vanquished Creatures (others)
  A worker ant (D:7)
  A fungus (Lair:2)
  7 toadstools (D:4)
9 creatures vanquished.

Grand Total: 265 creatures vanquished

Notes
Turn   | Place    | Note
-------+----------+-------------------------------------------
     0 | D:1      | theemperora the Gargoyle Gladiator began the quest for the Orb.
     0 | D:1      | Reached XP level 1. HP: 12/12 MP: 1/1
   125 | D:1      | Reached XP level 2. HP: 12/18 MP: 2/2
   593 | D:1      | Reached XP level 3. HP: 22/22 MP: 3/3
  1366 | D:2      | Reached XP level 4. HP: 23/27 MP: 4/4
  1599 | D:2      | Reached skill level 4 in Staves
  1972 | D:3      | Reached XP level 5. HP: 31/32 MP: 5/5
  2033 | D:3      | Found a sacrificial altar of Ru.
  2766 | D:4      | Found a glowing drain.
  2812 | D:4      | Reached skill level 1 in Armour
  2816 | D:4      | Reached XP level 6. HP: 35/37 MP: 6/6
  2824 | D:4      | Reached skill level 5 in Staves
  2863 | Sewer    | Entered a sewer
  2887 | Sewer    | Noticed Purgy
  2900 | Sewer    | Killed Purgy
  3321 | D:4      | Reached XP level 7. HP: 28/42 MP: 7/7
  3325 | D:4      | Reached skill level 6 in Staves
  4052 | D:5      | Entered Level 5 of the Dungeon
  4542 | D:5      | Reached skill level 7 in Staves
  4557 | D:5      | Reached XP level 8. HP: 43/48 MP: 8/8
  4745 | D:5      | Noticed nrok's ghost (novice HaEn)
  4769 | D:5      | Killed nrok's ghost
  4769 | D:5      | Reached skill level 8 in Staves
  4769 | D:5      | Reached skill level 1 in Stealth
  5203 | D:6      | Reached skill level 5 in Fighting
  5359 | D:6      | Found a staircase to the Ecumenical Temple.
  5382 | Temple   | Entered the Ecumenical Temple
  5601 | Temple   | Became a worshipper of Uskayaw the Reveler
  5767 | D:6      | Reached * piety under Uskayaw
  5771 | D:6      | Reached ** piety under Uskayaw
  5971 | D:6      | Reached XP level 9. HP: 54/54 MP: 9/9
  6001 | D:6      | Reached skill level 9 in Staves
  6006 | D:6      | Reached *** piety under Uskayaw
  6363 | D:7      | Noticed Prince Ribbit
  6383 | D:7      | Killed Prince Ribbit
  6383 | D:7      | Reached skill level 5 in Dodging
  6713 | D:7      | Noticed Pikel
  6738 | D:7      | Killed Pikel
  6738 | D:7      | Reached skill level 10 in Staves
  6739 | D:7      | Reached **** piety under Uskayaw
  7008 | D:7      | Noticed Menkaure
  7016 | D:7      | Killed Menkaure
  7246 | D:8      | Reached XP level 10. HP: 61/61 MP: 10/10
  7261 | D:8      | Reached ***** piety under Uskayaw
  7693 | D:8      | Gained mutation: You are frail. (-10% HP) [potion of mutation]
  7693 | D:8      | Gained mutation: You are resistant to hostile enchantments. (MR+) [potion of mutation]
  7693 | D:8      | Gained mutation: You are covered in fur. (AC +1) [potion of mutation]
  7693 | D:8      | Gained mutation: You are highly resistant to hostile enchantments. (MR++) [potion of mutation]
  7779 | D:8      | Reached skill level 11 in Staves
  9261 | D:9      | Reached skill level 12 in Staves
  9380 | D:10     | Entered Level 10 of the Dungeon
  9450 | D:10     | Found a staircase to the Lair.
  9460 | Lair:1   | Entered Level 1 of the Lair of Beasts
  9605 | Lair:1   | Noticed a spiny frog
  9613 | Lair:1   | Killed a spiny frog
  9613 | Lair:1   | Reached XP level 11. HP: 30/61 MP: 11/11
 11020 | Lair:2   | Found a staircase to the Swamp.
 11025 | Lair:2   | Noticed a six-headed hydra
 11046 | Lair:2   | Killed a six-headed hydra
 11250 | Swamp:1  | Entered Level 1 of the Swamp
 11250 | Swamp:1  | Noticed an alligator
 11277 | Swamp:1  | Killed an alligator
 11277 | Swamp:1  | Reached skill level 13 in Staves
 11443 | Swamp:1  | Noticed an alligator
 11454 | Swamp:1  | Killed from afar by a bog body

Skill      XL: |  1  2  3  4  5  6  7  8  9 10 11 |
---------------+----------------------------------+-----
Dodging        | 3 4 5 6 |  6.8
Staves         | 4 5 7 8 10 12 13 | 13.0
Fighting       | 3 4 5 6 7 8 |  8.6
Armour         | 1 2 3 4 |  4.0
Stealth        | 1 2 4 |  4.4
Throwing       | |  1.8

Action                   |  1- 3 |  4- 6 |  7- 9 | 10-12 || total
-------------------------+-------+-------+-------+-------++-------
Melee: Quarterstaff      |   124 |   239 |   392 |   395 ||  1150
Invok: Stomp             |       |       |     1 |       ||     1
  Use: Scroll            |     6 |     9 |       |     4 ||    19
       Potion            |     3 |     1 |     5 |     7 ||    16
 Stab: Sleeping          |     1 |       |     1 |     2 ||     4
       Paralysed         |       |       |     4 |    13 ||    17
  Eat: Chunk             |     1 |     1 |       |       ||     2
       Bread ration      |       |     1 |     3 |     1 ||     5
       Royal jelly       |       |     1 |     1 |     1 ||     3
       Fruit             |       |       |       |     2 ||     2
       Meat ration       |       |       |       |     2 ||     2
Armor: Leather armour    |    63 |    97 |   126 |   141 ||   427
Dodge: Dodged            |   124 |   180 |   226 |   241 ||   771
Block: Other             |       |    26 |    35 |    48 ||   109
       Reflection        |       |     1 |       |     2 ||     3
